 Dungeon Crawl Stone Soup version 0.21.0-24-g2553a33 (webtiles) character file.

1043 shmeve the Chopper (level 8, -6/71 HPs)
             Began as a Minotaur Berserker on Jan 19, 2018.
             Was a Priest of Trog.
             Mangled by Menkaure (9 damage)
             ... on level 5 of the Dungeon.
             The game lasted 00:05:14 (3953 turns).

shmeve the Chopper (Minotaur Berserker)             Turns: 3953, Time: 00:05:14

Health: -6/71      AC: 13    Str: 24    XL:     8   Next: 4%
Magic:  7/7        EV: 10    Int:  4    God:    Trog [***...]
Gold:   156        SH:  2    Dex: 10    Spells: 7/7 levels left

rFire    . . .     SeeInvis .   a - +0 hand axe
rCold    . . .     Gourm    .   (no shield)
rNeg     . . .     Faith    .   v - +0 chain mail (curse)
rPois    .         Spirit   .   (helmet restricted)
rElec    .         Reflect  +   g - +0 cloak
rCorr    .         Harm     .   l - +0 pair of gloves
MR       ++...                  d - +0 pair of boots
Stlth    ..........             u - +2 amulet of reflection
HPRegen  1.21/turn              (no ring)
MPRegen  0.10/turn              (no ring)

@: regenerating
A: retaliatory headbutt, horns 2
a: Berserk, Trog's Hand, Burn Spellbooks, Renounce Religion


You were on level 5 of the Dungeon.
You worshipped Trog.
Trog was most pleased with you.
You were hungry.

You visited 1 branch of the dungeon, and saw 5 of its levels.

You collected 156 gold pieces.

Inventory:

Hand Weapons
 a - a +0 hand axe (weapon)
Armour
 d - a +0 pair of boots (worn)
 g - a +0 cloak (worn)
 l - a +0 pair of gloves (worn)
 v - a cursed +0 chain mail (worn)
Jewellery
 t - an uncursed ring of see invisible {unknown}
 u - a +2 amulet of reflection (around neck)
Wands
 q - a wand of clouds (3)
Scrolls
 h - a scroll of noise {unknown}
 i - 2 scrolls of fog {unknown}
 j - 3 scrolls of identify {unknown}
 m - a scroll of amnesia {unknown}
 n - 3 scrolls of fear {unknown}
 o - a scroll of remove curse {unknown}
 s - a scroll of teleportation {unknown}
Potions
 e - a potion of berserk rage {unknown}
 f - a potion of curing {unknown}
 k - a potion of degeneration {unknown}
 p - a potion of lignification {unknown}
Comestibles
 c - 7 rations
 r - 6 chunks of flesh


   Skills:
 * Level 6.9 Fighting
 * Level 6.9 Axes
 + Level 3.3 Throwing
 + Level 4.8 Armour
 + Level 4.3 Dodging


You had 7 spell levels left.
You didn't know any spells.

Dungeon Overview and Level Annotations

Branches:
Dungeon (5/15)
 Temple: D:4-7

Altars:

Annotations:
D:5 Menkaure


Innate Abilities, Weirdness & Mutations

You reflexively headbutt those who attack you in melee.
You have a pair of horns on your head.


Message History

Menkaure calls on the powers of darkness!
Your body is wracked with pain!
* * * LOW HITPOINT WARNING * * *
Your chain mail prevents you from hitting Menkaure.
Menkaure is severely damaged.
Menkaure hits you.
* * * LOW HITPOINT WARNING * * *
You hit Menkaure but do no damage.
Menkaure is severely damaged.
Menkaure hits you!
* * * LOW HITPOINT WARNING * * *
You closely miss Menkaure.
Menkaure is severely damaged.
You hit the frilled lizard but do no damage.
Menkaure closely misses you. The frilled lizard closely misses you.
You furiously retaliate!
You headbutt the frilled lizard!
You kill the frilled lizard!
Trog accepts your kill. Menkaure hits you!
You die...

#... #... #..#
#..# ##..# #...#
#.†M# #.@##
##..### ###
##...#######..####
##..............#
##>..(<.[..<....
##......####...
###.#### ###


You could see Menkaure.

Vanquished Creatures
  Grinder (D:3)
  Sigmund (D:3)
  Edmund (D:5)
  2 ogres (D:4)
  A centaur (D:4)
  An orc wizard (D:4)
  Crazy Yiuf (D:3)
  Ijyb (D:3)
  An iguana (D:4)
  2 worker ants (D:4)
  Robin (D:3)
  8 adders
  An ooze (D:1)
  3 worms
  A dart slug (D:2)
  A leopard gecko (D:1)
  7 orcs
  13 goblins
  5 hobgoblins
  5 jackals
  3 quokkas
  A ball python (D:4)
  4 bats
  5 frilled lizards
  11 kobolds
  A leopard gecko skeleton (D:4)
  A quokka skeleton (D:4)
  6 rats
89 creatures vanquished.

Notes
Turn   | Place    | Note
-------+----------+-------------------------------------------
     0 | D:1      | shmeve the Minotaur Berserker began the quest for the Orb.
     0 | D:1      | Reached XP level 1. HP: 19/19 MP: 0/0
     0 | D:1      | Noticed an ogre
     0 | D:1      | Noticed an elf
     2 | D:1      | Noticed a naga
     6 | D:1      | Noticed a minotaur
     8 | D:1      | Noticed a vine stalker
    10 | D:1      | Noticed a human
    12 | D:1      | Noticed a vampire
    12 | D:1      | Noticed a human
    14 | D:1      | Noticed an elf
    16 | D:1      | Noticed a spriggan
    16 | D:1      | Noticed a gargoyle
    18 | D:1      | Noticed a gargoyle
    20 | D:1      | Noticed a dwarf
   259 | D:1      | Reached XP level 2. HP: 22/27 MP: 1/1
   607 | D:2      | Reached XP level 3. HP: 16/33 MP: 2/2
  1029 | D:2      | Reached skill level 1 in Throwing
  1029 | D:2      | Reached ** piety under Trog
  1611 | D:3      | Reached XP level 4. HP: 41/41 MP: 3/3
  1612 | D:3      | Noticed Sigmund
  1623 | D:3      | Killed Sigmund
  1623 | D:3      | Reached skill level 5 in Fighting
  1623 | D:3      | Reached skill level 5 in Axes
  1623 | D:3      | Reached XP level 5. HP: 43/48 MP: 4/4
  1652 | D:3      | Noticed Grinder
  1665 | D:3      | Killed Grinder
  1665 | D:3      | Reached XP level 6. HP: 38/57 MP: 5/5
  2242 | D:3      | Found a runed door.
  2264 | D:3      | Noticed Crazy Yiuf
  2270 | D:3      | Killed Crazy Yiuf
  2543 | D:3      | Noticed Robin
  2553 | D:3      | Killed Robin
  2620 | D:3      | Noticed Ijyb
  2636 | D:3      | Killed Ijyb
  2636 | D:3      | Reached XP level 7. HP: 39/62 MP: 6/6
  3005 | D:4      | Reached *** piety under Trog
  3907 | D:5      | Entered Level 5 of the Dungeon
  3907 | D:5      | Noticed Edmund
  3918 | D:5      | Killed Edmund
  3918 | D:5      | Reached XP level 8. HP: 71/71 MP: 7/7
  3945 | D:5      | Noticed Menkaure
  3952 | D:5      | HP: 2/71 [Menkaure (12)]
  3953 | D:5      | Mangled by Menkaure

Skill      XL: |  1  2  3  4  5  6  7 |
---------------+----------------------+-----
Fighting       | 4 5 6 |  6.9
Axes           | 4 5 6 |  6.9
Throwing       | 1 2 3 |  3.3
Armour         | 3 4 |  4.8
Dodging        | 3 4 |  4.3

Action                   |  1- 3 |  4- 6 |  7- 9 || total
-------------------------+-------+-------+-------++-------
Melee: Hand axe          |    66 |    54 |    73 ||   193
       Headbutt          |    15 |    13 |    15 ||    43
Invok: Berserk           |     1 |     2 |     1 ||     4
       Trog's Hand       |       |     1 |     1 ||     2
 Stab: Sleeping          |       |     1 |       ||     1
  Eat: Chunk             |     3 |     3 |     4 ||    10
       Ration            |       |     1 |       ||     1
Armor: Animal skin       |    22 |    13 |    10 ||    45
Dodge: Dodged            |    59 |    33 |    61 ||   153
Block: Other             |       |       |     1 ||     1
